 Dungeon Crawl Stone Soup version 0.18.1-47-g9310371 (webtiles) character file.

329 mindo the Conjurer (level 6, -1/32 HPs)
             Began as a Deep Elf Conjurer on June 15, 2016.
             Slain by a wyvern (10 damage)
             ... on level 5 of the Dungeon.
             The game lasted 00:29:40 (4221 turns).

mindo the Conjurer (Deep Elf Conjurer)              Turns: 4221, Time: 00:29:41

Health: -1/32      AC:  4    Str:  5    XL:     6   Next: 25%
Magic:  16/17      EV:  8    Int: 22    God:
Gold:   123        SH:  0    Dex: 15    Spells: 3 memorised, 9 levels left

rFire  . . .     SeeInvis .     y - +3 short sword (elec)
rCold  . . .     Gourm    .     a - +0 robe
rNeg   . . .     Faith    .     (no shield)
rPois  .         Spirit   .     (no helmet)
rElec  .         Dismiss  .     w - +1 cloak
rCorr  .         Reflect  .     (no gloves)
SustAt .         Harm     .     (no boots)
MR     .....                    (no amulet)
Stlth  ++........               (no ring)
                                (no ring)

@: not resistant to hostile enchantments, unstealthy
A: no striking features
a: no special abilities


You were on level 5 of the Dungeon.
You were hungry.

You visited 1 branch of the dungeon, and saw 5 of its levels.

You collected 123 gold pieces.

Inventory:

Hand Weapons
 f - a +0 dagger
 y - a +3 short sword of electrocution (weapon)
Armour
 a - a +0 robe (worn)
 w - a +1 cloak (worn)
Wands
 r - a wand of flame (0/48)
 x - a wand of digging (14/24)
Scrolls
 d - a scroll of identify
 j - 3 scrolls of enchant armour {unknown}
 v - a scroll of blinking {unknown}
Potions
 c - a potion of might {unknown}
 e - a potion of mutation {unknown}
 h - 2 potions of cancellation {unknown}
 i - a potion of lignification {unknown}
 k - 2 potions of berserk rage {unknown}
 l - a potion of brilliance {unknown}
 m - 2 potions of invisibility {unknown}
 o - a potion of ambrosia {unknown}
 q - a potion of heal wounds {unknown}
 s - a potion of flight {unknown}
Books
 b - a book of Conjurations

   Spells                             Type                      Level
   a - Magic Dart                     Conjuration                  1
   b - Searing Ray                    Conjuration                  2
   c - Dazzling Spray                 Conjuration/Hexes            3
   d - Fulminant Prism                Conjuration/Hexes            4
   e - Iskenderun's Mystic Blast      Conjuration                  4
   f - Iskenderun's Battlesphere      Conjuration/Charms           5
Comestibles
 p - 2 meat rations


   Skills:
 - Level 2.4 Dodging
 * Level 3.4 Stealth
 * Level 6.3 Spellcasting
 + Level 6.4 Conjurations


You had 9 spell levels left.
You knew the following spells:

 Your Spells              Type           Power        Failure   Level  Hunger
a - Magic Dart            Conj           ####         1%          1    None
b - Searing Ray           Conj           #####.       1%          2    None
c - Iskenderun's Battles  Conj/Chrm      ###.....     75%         5    #####..


Dungeon Overview and Level Annotations

Branches:
Dungeon (5/15)
 Temple: D:4-7

Altars:
Pakellas
Ru
Trog

Annotations:
D:3 buf2's ghost, amateur HuWn
D:4 Malvoorn's ghost, amateur DsAK


Message History

Enchant which weapon? (? for menu, Esc to quit)
Really abort (and waste the scroll)?
Uppercase [Y]es or [N]o only, please.
Really abort (and waste the scroll)?
Okay, then.
The wyvern misses you. The wyvern closely misses you.
As you read the scroll labeled JESEFAREAG, it crumbles to dust.
It is a scroll of recharging.
Charge which item? (? for menu, Esc to quit)
Really abort (and waste the scroll)?
Okay, then.
The wyvern closely misses you.
As you read the scroll labeled YDUEMA LUOFFO, it crumbles to dust.
You feel blessed for a moment.
It was a scroll of remove curse.
The wyvern closely misses you. x2
As you read the scroll labeled SIEBUC BIESKY, it crumbles to dust.
You feel aware of your surroundings.
It was a scroll of magic mapping.
The wyvern closely misses you. The wyvern completely misses you.
The wyvern bites you!
You die...

*,,,,,,,,,,,,,,,,**,,*
*****,,********#.#*,.#
*,,* *#.#*,.# *,,*
**...*..#
*****,,****###,#.#,..#
,,,,,,,,,,,,.........*
*****,,******#.#.#.#,*
*,,* *#...#*,* *,,*
*#.@l#*,*
*,,******#.#.#.#,*
*,,,,,,,..,...,..*
**,****##*.#.#.*##
*,,,,,,,...$.##
*******##*#.#* ###


You could see a wyvern.

Vanquished Creatures
  A scorpion (D:4)
  A crimson imp (D:3)
  An iguana (D:4)
  2 orc wizards
  2 worker ants (D:4)
  2 adders
  An ooze (D:1)
  2 worms
  A dart slug (D:2)
  2 giant geckos
  11 orcs
  2 ball pythons
  4 giant cockroaches
  13 goblins
  4 hobgoblins
  8 jackals
  4 bats
  A giant gecko skeleton (D:4)
  7 giant newts
  3 kobolds (D:1)
  4 rats
76 creatures vanquished.

Notes
Turn   | Place    | Note
--------------------------------------------------------------
     0 | D:1      | mindo the Deep Elf Conjurer began the quest for the Orb.
     0 | D:1      | Reached XP level 1. HP: 10/10 MP: 6/6
   263 | D:1      | Reached XP level 2. HP: 15/15 MP: 4/8
   465 | D:1      | Reached skill level 5 in Conjurations
   714 | D:2      | Learned a level 2 spell: Searing Ray
   801 | D:2      | Reached XP level 3. HP: 19/19 MP: 5/9
  1958 | D:3      | Noticed buf2's ghost (amateur HuWn)
  2004 | D:4      | Found a bloodstained altar of Trog.
  2019 | D:4      | Reached XP level 4. HP: 24/24 MP: 8/12
  2238 | D:3      | Found an oddly glowing altar of Pakellas.
  2746 | D:3      | Reached skill level 5 in Spellcasting
  2746 | D:3      | Reached XP level 5. HP: 11/28 MP: 5/14
  3161 | D:3      | Learned a level 5 spell: Iskenderun's Battlesphere
  4002 | D:4      | Reached XP level 6. HP: 32/32 MP: 12/17
  4175 | D:4      | Found a sacrificial altar of Ru.
  4181 | D:4      | Noticed Malvoorn's ghost (amateur DsAK)
  4210 | D:4      | Noticed a wyvern
  4215 | D:5      | Entered Level 5 of the Dungeon
  4221 | D:5      | Slain by a wyvern

Skill      XL: |  1  2  3  4  5 |
---------------+----------------+-----
Conjurations   | 5 6 |  6.4
Spellcasting   | 4 5 6 |  6.3
Stealth        | 3 |  3.4
Dodging        | |  2.4

Action                   |  1- 3 |  4- 6 || total
-------------------------+-------+-------++-------
 Cast: Magic Dart        |    56 |    63 ||   119
       Searing Ray       |     5 |    15 ||    20
  Use: Scroll            |       |     6 ||     6
  Eat: Bread ration      |     1 |       ||     1
       Meat ration       |       |     1 ||     1
Armor: Robe              |     1 |     4 ||     5
Dodge: Dodged            |     4 |    21 ||    25
